 Dungeon Crawl Stone Soup version 0.14.2 (webtiles) character file.

3078 tognito the Cleaver (level 9, -2/79 HPs)
             Began as a Minotaur Berserker on Oct 4, 2015.
             Was a High Priest of Trog.
             Slain by a hill giant
             ... wielding a +0,+0 giant club
              (30 damage)
             ... on Level 7 of the Dungeon.
             The game lasted 00:25:41 (5914 turns).

tognito the Cleaver (Minotaur Berserker)            Turns: 5914, Time: 00:25:41

HP  -2/79        AC 14     Str 25      XL: 9   Next: 44%
MP   4/4         EV  6     Int  4      God: Trog [*****.]
Gold 273         SH  0     Dex 11      Spells:  0 memorised,  8 levels left

rFire  . . .     SeeInvis .     a - +2,+0 hand axe (chop)
rCold  . . .     Clarity  .     C - +0 plate armour
rNeg   . . .     Conserve .     (no shield)
rPois  .         rCorr    .     (helmet restricted)
rElec  .         rRot     .     (no cloak)
SustAb + .       Spirit   .     (no gloves)
rMut   .         Warding  .     h - +0 pair of boots
Saprov . . .     Stasis   .     (no amulet)
MR     .....                    G - ring of sustain abilities
                                B - +1 ring of strength

@: not resistant to hostile enchantments, extremely unstealthy
A: retaliatory headbutt, horns 2
a: Burn Spellbooks, Berserk, Trog's Hand, Brothers in Arms, Renounce Religion


You were on level 7 of the Dungeon.
You worshipped Trog.
Trog was extremely pleased with you.
You were not hungry.

You visited 1 branch of the dungeon, and saw 7 of its levels.

You collected 273 gold pieces.

Inventory:

Hand weapons
 a - a +2,+0 hand axe of chopping (weapon)
 b - a +2,+1 sling
 l - a +0,+0 bow
 A - a +0,+0 bow
 E - a +0,+0 hand axe
Missiles
 d - 57 sling bullets
 g - 60 bolts
 o - 73 darts (quivered)
 s - 14 arrows of flame
 w - 5 darts of flame
 z - 120 arrows
Armour
 h - a +0 pair of boots (worn)
 C - a +0 plate armour (worn)
Magical devices
 y - a wand of polymorph (9)
 K - a wand of digging (11) {unknown}
Comestibles
 c - 6 bread rations
 f - 4 meat rations
 j - a choko
 r - 2 slices of pizza
 u - a rambutan
Scrolls
 e - a scroll of blinking {unknown}
 i - 7 scrolls of identify
 k - 4 scrolls of remove curse {unknown}
 n - a scroll of fog {unknown}
 p - 5 scrolls of teleportation {unknown}
 q - a scroll of random uselessness {unknown}
 t - a scroll of fear {unknown}
 D - 3 scrolls of noise {unknown}
 I - a scroll of immolation {unknown}
Jewellery
 B - a +1 ring of strength (left hand)
 G - a ring of sustain abilities (right hand)
 H - an uncursed amulet of faith {unknown}
Potions
 m - 3 potions of curing
 x - 3 potions of heal wounds


   Skills:
 * Level 7.6 Fighting
 * Level 8.4 Axes
 + Level 8.3 Slings
 + Level 6.1 Armour
 + Level 5.0 Dodging
 + Level 0.3 Stealth


You had 8 spell levels left.
You didn't know any spells.

Dungeon Overview and Level Annotations

Branches:
Dungeon (7/15)
 Temple: D:4-7

Altars:
Ashenzari
Cheibriados
Fedhas
Trog
Zin


Innate Abilities, Weirdness & Mutations

You reflexively headbutt those who attack you in melee.
You have a pair of horns on your head.


Message History

You headbutt the hill giant!
The hill giant is lightly wounded.
The hill giant hits you with a giant club!
You completely miss the hill giant.
You headbutt the hill giant, but do no damage.
The hill giant is lightly wounded.
You hit the hill giant.
The hill giant is moderately wounded.
The hill giant hits you with a giant club!
Your plate armour prevents you from hitting the hill giant.
You headbutt the hill giant!
The hill giant is moderately wounded.
Your plate armour prevents you from hitting the hill giant.
The hill giant is moderately wounded.
The hill giant barely misses you.
You hit the hill giant.
You headbutt the hill giant, but do no damage.
The hill giant is heavily wounded.
The hill giant hits you with a giant club!
You die...

.....................%
.................##.###
........<.##.###.##.#
#...........##.# #.##.#
#...........##.# #.##.#
#.......######.#
..##.###
#####.......######.#
####.#.[ .....#
###..C....... #.#.#
#...# #.@# #.. .##
#######...# #..# #.. #
..........#####..# #..
######)..!.......#
###...#.....#.#
#.......#.#.#.#
#.............#
#...........### ####
###...#.....# #...


You could see a hill giant.

Vanquished Creatures
  Pikel (D:6)
  The ghost of bohran the Covert, an experienced OpAs of Vehumet (D:6)
  The ghost of 4thArraOfDagon the Ruffian, an average TrMo (D:7)
  Grinder (D:6)
  An ice beast (D:5)
  4 slaves (D:6)
  2 phantoms
  3 centaurs
  A giant frog (D:6)
  A goliath beetle (D:6)
  An orc priest (D:4)
  An elf skeleton (D:7)
  2 jellies
  A gnoll shaman (D:5)
  A hound (D:6)
  4 orc wizards
  2 iguanas
  12 worker ants
  Ijyb (D:2)
  Terence (D:2)
  4 gnolls (D:5)
  A worm zombie (D:5)
  6 adders
  3 giant mites (D:5)
  2 worms
  2 adder skeletons
  A giant eyeball (D:4)
  5 giant geckos
  2 oozes
  18 orcs
  2 ball pythons
  10 bats
  8 giant cockroaches
  4 hobgoblins
  7 jackals
  14 kobolds
  5 giant newts
  6 goblins
  A kobold skeleton (D:4)
  A quokka (D:6)
  11 rats
  A rat zombie (D:6)
156 creatures vanquished.

Notes
Turn   | Place    | Note
--------------------------------------------------------------
     0 | D:1      | tognito, the Minotaur Berserker, began the quest for the Orb.
     0 | D:1      | Reached XP level 1. HP: 19/19 MP: 1/1
   282 | D:1      | Reached skill level 4 in Fighting
   282 | D:1      | Reached XP level 2. HP: 27/27 MP: 1/1
   565 | D:2      | Noticed Ijyb
   584 | D:2      | Killed Ijyb
   584 | D:2      | Reached XP level 3. HP: 33/33 MP: 2/2
   604 | D:2      | Acquired Trog's second power
   617 | D:2      | Noticed Terence
   631 | D:2      | Killed Terence
  1374 | D:2      | Found a snail-covered altar of Cheibriados.
  1548 | D:3      | Reached XP level 4. HP: 41/41 MP: 2/2
  2161 | D:4      | Reached skill level 5 in Axes
  2164 | D:4      | Reached XP level 5. HP: 19/47 MP: 2/2
  2595 | D:4      | Found a glowing silver altar of Zin.
  2595 | D:4      | Found a shattered altar of Ashenzari.
  2609 | D:4      | Noticed a centaur
  2616 | D:4      | Killed a centaur
  2616 | D:4      | Reached skill level 5 in Fighting
  2616 | D:4      | Reached skill level 1 in Slings
  2616 | D:4      | Reached XP level 6. HP: 47/56 MP: 3/3
  2807 | D:4      | Noticed a phantom
  2826 | D:4      | Killed a phantom
  2826 | D:4      | Reached skill level 6 in Axes
  3167 | D:4      | Paralysed by a giant eyeball for 3 turns
  3194 | D:4      | Found a bloodstained altar of Trog.
  3290 | D:4      | Reached XP level 7. HP: 61/61 MP: 3/3
  3391 | D:5      | Entered Level 5 of the Dungeon
  3984 | D:5      | Acquired Trog's third power
  4231 | D:6      | Reached skill level 5 in Armour
  4423 | D:6      | Noticed bohran's ghost (experienced OpAs)
  4438 | D:6      | Noticed Pikel
  4441 | D:6      | Killed bohran's ghost
  4441 | D:6      | Reached skill level 7 in Axes
  4441 | D:6      | Reached skill level 5 in Slings
  4441 | D:6      | Reached XP level 8. HP: 69/71 MP: 3/3
  4460 | D:6      | Killed Pikel
  4910 | D:6      | Reached XP level 9. HP: 79/79 MP: 4/4
  5169 | D:6      | Noticed Grinder
  5185 | D:6      | Killed Grinder
  5185 | D:6      | Reached skill level 8 in Axes
  5288 | D:6      | Found a blossoming altar of Fedhas.
  5620 | D:7      | Noticed 4thArraOfDagon's ghost (average TrMo)
  5640 | D:7      | Killed 4thArraOfDagon's ghost
  5816 | D:7      | Reached skill level 5 in Dodging
  5905 | D:7      | Noticed a hill giant
  5914 | D:7      | Slain by a hill giant

Action                   |  1- 3 |  4- 6 |  7- 9 || total
-------------------------+-------+-------+-------++-------
Melee: Hand axe          |    91 |    92 |   190 ||   373
 Fire: Sling             |       |    69 |   164 ||   233
Invok: Burn Spellbooks   |       |       |     1 ||     1
  Use: Potion            |     4 |     2 |     2 ||     8
       Scroll            |       |       |     1 ||     1
